 Dungeon Crawl Stone Soup version 0.21-a0-286-g6fcecc0 (webtiles) character file.

135 aurelian the Stinger (level 4, -1/33 HPs)
             Began as a Demigod Wanderer on Sept 26, 2017.
             Killed by divine providence
             ... invoked by an orc priest
              (15 damage)
             ... on level 3 of the Dungeon.
             The game lasted 00:07:36 (4173 turns).

aurelian the Stinger (Demigod Wanderer)             Turns: 4173, Time: 00:07:36

Health: -1/33      AC:  2    Str: 14    XL:     4   Next: 65%
Magic:  6/18       EV: 11    Int: 20    God:
Gold:   177        SH:  0    Dex: 14    Spells: 2/6 levels left

rFire    . . .     SeeInvis .   t - +0 flail
rCold    . . .     Gourm    .   (no shield)
rNeg     . . .     Faith    .   d - +0 robe
rPois    .         Spirit   .   (no helmet)
rElec    .         Reflect  .   (no cloak)
rCorr    .         Harm     .   (no gloves)
MR       .....                  (no boots)
Stlth    +.........             (no amulet)
HPRegen  0.11/turn              l - ring of magical power
MPRegen  0.16/turn              (no ring)

@: no status effects
A: high mp 1
a: no special abilities


You were on level 3 of the Dungeon.
You were not hungry.

You visited 1 branch of the dungeon, and saw 3 of its levels.

You collected 177 gold pieces.

Inventory:

Hand Weapons
 e - a +0 club
 g - a +0 mace
 n - a +0 hunting sling
 t - a +0 flail (weapon)
Missiles
 h - 129 stones (quivered)
Armour
 d - a +0 robe (worn)
 r - a +0 ring mail of fire resistance
Jewellery
 l - a ring of magical power (left hand)
Scrolls
 c - 3 scrolls of teleportation
 o - 4 scrolls of remove curse {unknown}
 p - a scroll of magic mapping {unknown}
 q - a scroll of recharging {unknown}
 u - a scroll of blinking {unknown}
 v - a scroll of identify {unknown}
 w - a scroll of random uselessness {unknown}
Potions
 i - 2 potions of curing {unknown}
 j - 2 potions of brilliance {unknown}
 s - a potion of might {unknown}
 x - a potion of agility {unknown}
Books
 a - a Young Poisoner's Handbook

   Spells                             Type                      Level
   a - Sting                          Conjuration/Poison           1
   b - Poisonous Vapours              Poison/Air                   2
   c - Mephitic Cloud                 Conjuration/Poison/Air       3
   d - Olgreb's Toxic Radiance        Poison                       4
   e - Venom Bolt                     Conjuration/Poison           5
 b - Hifent's Guide on Heat

   Spells                             Type                      Level
   a - Flame Tongue                   Conjuration/Fire             1
   b - Conjure Flame                  Conjuration/Fire             3
Comestibles
 f - 3 bread rations
 k - 2 meat rations
 m - 8 chunks of flesh


   Skills:
 - Level 1.5 Maces & Flails
 - Level 1.0 Throwing
 - Level 1.7 Spellcasting
 * Level 1.5 Conjurations
   Level 1.7 Charms
   Level 1.7 Summonings
 * Level 3.7 Poison Magic
   Level 1.0 Evocations


You had 2 spell levels left.
You knew the following spells:

 Your Spells              Type           Power        Failure   Level  Hunger
a - Sting                 Conj/Pois      ##..         5%          1    #......
b - Mephitic Cloud        Conj/Pois/Air  #.......     24%         3    ###....


Dungeon Overview and Level Annotations

Branches:
Dungeon (3/15)


Innate Abilities, Weirdness & Mutations

You have an increased reservoir of magic. (+10% MP)


Message History

The orc priest barely misses you.
Casting: Sting
Confirm with . or Enter, or press ? or * to list all spells.
Aiming: Sting
Press: ? - help, Shift-Dir - straight line, f/p - orc priest
Aim: an orc priest, wielding a whip and wearing a chain mail (lightly wounded)
The sting hits the orc priest.
The orc priest appears unharmed.
The orc priest is lightly wounded.
The orc priest hits you with a whip.
You sock the orc priest!
The orc priest is heavily wounded.
The orc priest closely misses you.
You hit the orc priest but do no damage.
The orc priest is heavily wounded.
The orc priest misses you. The orc priest barely misses you.
You thump the orc priest!
The orc priest is almost dead.
The orc priest calls down the wrath of Beogh upon you.
Beogh smites you!
You die...

### #.#.# #.#.# #.#.#
####.#.#### # ## # #..........
..#. ####[ #.####.##.# ..#. #...
#.# #.##.# #...
##.##############.# #.##.#
#.?###..>..).go@)....#.# #.##.#
#....))..###########.#.####.##.#
#..###<..# #.#.#........ #..
#...# #.#.#.##..... #.. #...#
#............ ... #...#
###.).#####.# o..# #...# ###.#
#>. ... .....# #.#####.. ...
###.#.# #........


You could see an orc priest and a goblin.

Vanquished Creatures
  A hound (D:2)
  An ooze (D:3)
  A worm (D:2)
  3 dart slugs
  4 leopard geckos (D:3)
  13 orcs
  A ball python (D:3)
  4 bats
  A bat skeleton (D:2)
  A bat zombie (D:2)
  2 giant cockroaches (D:2)
  10 goblins
  4 hobgoblins
  6 jackals (D:2)
  3 frilled lizards
  5 kobolds
  A leopard gecko skeleton (D:2)
  A quokka zombie (D:2)
  7 rats
69 creatures vanquished.

Notes
Turn   | Place    | Note
-------+----------+-------------------------------------------
     0 | D:1      | aurelian the Demigod Wanderer began the quest for the Orb.
     0 | D:1      | aurelian set off with: a Young Poisoner's Handbook, Hifent's Guide on Heat, a scroll of teleportation, a +0 robe, a +0 club, a bread ration
     0 | D:1      | Reached XP level 1. HP: 14/14 MP: 5/5
     0 | D:1      | Identified Hifent's Guide on Heat
    13 | D:1      | Learned a level 1 spell: Sting
   117 | D:1      | Reached skill level 1 in Maces & Flails
   373 | D:1      | Reached XP level 2. HP: 15/20 MP: 7/7
  1180 | D:2      | Reached skill level 2 in Poison Magic
  1391 | D:2      | Reached XP level 3. HP: 26/26 MP: 8/8
  1589 | D:2      | Learned a level 3 spell: Mephitic Cloud
  2635 | D:2      | Reached skill level 3 in Poison Magic
  2900 | D:2      | Reached XP level 4. HP: 15/33 MP: 6/9
  3278 | D:3      | Found a bloodstained altar of Trog.
  3546 | D:3      | Found an ornate altar of the Wu Jian Council.
  4173 | D:3      | Killed from afar by an orc priest

Vault maps used:
D:1:      eino_arrival_cavern_a
D:2:      serial_undead, serial_undead_c, serial_undead_c, serial_undead_a,
          serial_undead_c, serial_undead_c, serial_undead_d, wad_orctagon
D:3:      overflow_temple_1_default, old_standard_altar, first_bread,
          nicolae_ru_path_of_blood

Skill      XL: |  1  2  3 |
---------------+----------+-----
Maces & Flails | 1 |  1.5
Poison Magic   | 2 3 |  3.7
Throwing       | |  1.0
Spellcasting   | |  1.7
Conjurations   | |  1.5
Charms         | |  1.7
Summonings     | |  1.7
Evocations     | |  1.0

Action                   |  1- 3 |  4- 6 || total
-------------------------+-------+-------++-------
Melee: Mace              |    35 |       ||    35
       Flail             |       |    19 ||    19
 Cast: Sting             |   112 |    70 ||   182
 Stab: Sleeping          |     1 |       ||     1
  Eat: Chunk             |     6 |     5 ||    11
       Royal jelly       |     1 |       ||     1
Armor: Robe              |    24 |     2 ||    26
Dodge: Dodged            |    57 |    31 ||    88

Table legend:
 A = Spawn XP
 B = Non-spawn XP
 C = Spawn XP percentage of total XP
 D = Spawn monster count
 E = Non-spawn monster count
 F = Spawn count percentage of total count
 G = Total turns spent on level
                    A         B        C        D         E        F      G
               +---------+---------+-------+---------+---------+-------+---------
         Total |       0 |     193 |   0.0 |       0 |      69 |   0.0 |  4173
               +---------+---------+-------+---------+---------+-------+---------
           D:1 |       0 |      34 |   0.0 |       0 |      20 |   0.0 |  1162
           D:2 |       0 |      98 |   0.0 |       0 |      25 |   0.0 |  1848
           D:3 |       0 |      61 |   0.0 |       0 |      24 |   0.0 |  1163
               +---------+---------+-------+---------+---------+-------+---------
